TOP OF THE 1ST |
Ellesmere Island Snowpeople batting - Pitching for Ogallala Octopi : LHP Fred Ramey
|
Pitching: LHP Fred Ramey
|
|
Batting: SHB Armond Buonaiuti
|
0-0: Foul Ball, location: 2F 0-1: Ball 1-1: Ball 2-1: Foul Ball, location: 2F 2-2: Foul Ball, location: 2F 2-2: Ball 3-2: Fly out, F9 (Line Drive, 9)
|
Batting: RHB Teok-kyu Pak
|
0-0: Foul Ball, location: 2F 0-1: Ball 1-1: Ground out 6-3 (Groundball, 6)
|
Batting: RHB Luigino Colombo
|
0-0: Called Strike 0-1: SINGLE (Groundball, 5D)
|
Batting: LHB Jacques Viceronte
|
0-0: Ball 1-0: Ball 2-0: 2-RUN HOME RUN (Flyball, 8LD), Distance : 431 ft
|
Batting: RHB Enrique Flores
|
0-0: Ball 1-0: SINGLE (Line Drive, 4MD)
|
Batting: SHB Hsien-feng Chen
|
0-0: Fielders Choice at 2nd, 6-4 (Groundball, 6)
|
Top of the 1st over - 2 runs, 3 hits, 0 errors, 1 left on base; Ellesmere Island 2 - Ogallala 0 |
BOTTOM OF THE 1ST |
Ogallala Octopi batting - Pitching for Ellesmere Island Snowpeople : LHP Wilson Tamayo
|
Pitching: LHP Wilson Tamayo
|
|
Batting: RHB Manny Moons
|
0-0: Fly out, F3 (Popup, 3)
|
Batting: RHB Mike Moss
|
0-0: Foul Ball, location: 2F 0-1: Ground out 4-3 (Groundball, 4)
|
Batting: LHB Lauren Hilfiker
|
0-0: Called Strike 0-1: Ball 1-1: Ball 2-1: Fly out, F3 (Line Drive, 3)
|
Bottom of the 1st over - 0 runs, 0 hits, 0 errors, 0 left on base; Ellesmere Island 2 - Ogallala 0 |
TOP OF THE 2ND |
Ellesmere Island Snowpeople batting - Pitching for Ogallala Octopi : LHP Fred Ramey
|
Batting: RHB Tristan Eikelenboom
|
0-0: SINGLE (Groundball, 56D)
|
Batting: RHB Feng-yi Wen
|
0-0: Ball 1-0: Called Strike 1-1: Swinging Strike 1-2: Foul Ball, location: 2F 1-2: Ball 2-2: Hit by Pitch Tristan Eikelenboom to second
|
Batting: RHB José González
|
0-0: Foul Ball, location: 2F 0-1: Ball 1-1: Grounds into double play, 4-6-3 (Groundball, 4) Tristan Eikelenboom to third
|
Batting: SHB Armond Buonaiuti
|
0-0: Ball 1-0: Swinging Strike 1-1: Foul Ball, location: 2F 1-2: Ball 2-2: Foul Ball, location: 2F 2-2: Ball 3-2: Foul Ball, location: 2F 3-2: Ground out 1-3 (Groundball, 15)
|
Top of the 2nd over - 0 runs, 1 hit, 0 errors, 1 left on base; Ellesmere Island 2 - Ogallala 0 |
BOTTOM OF THE 2ND |
Ogallala Octopi batting - Pitching for Ellesmere Island Snowpeople : LHP Wilson Tamayo
|
Batting: RHB Kao-tsu Koo
|
0-0: Swinging Strike 0-1: Ball 1-1: Ball 2-1: Foul Ball, location: 2F 2-2: Ball 3-2: Foul Ball, location: 2F 3-2: Base on Balls
|
Batting: RHB Alejandro Cantú
|
0-0: Called Strike 0-1: Fly out, F8 (Flyball, 8LS)
|
Batting: RHB David Stone
|
0-0: Called Strike 0-1: Swinging Strike 0-2: Ball 1-2: Foul Ball, location: 2F 1-2: Ball 2-2: Ball 3-2: Base on Balls Kao-tsu Koo to second
|
Batting: RHB Román Chávez
|
0-0: Swinging Strike 0-1: Grounds into double play, 6-4-3 (Groundball, 6)
|
Bottom of the 2nd over - 0 runs, 0 hits, 0 errors, 1 left on base; Ellesmere Island 2 - Ogallala 0 |
TOP OF THE 3RD |
Ellesmere Island Snowpeople batting - Pitching for Ogallala Octopi : LHP Fred Ramey
|
Batting: RHB Teok-kyu Pak
|
0-0: Ball 1-0: Swinging Strike 1-1: Ball 2-1: Ball 3-1: Swinging Strike 3-2: SINGLE (Flyball, 9S)
|
Batting: RHB Luigino Colombo
|
0-0: Ball 1-0: Called Strike 1-1: Foul Ball, location: 2F 1-2: Ball 2-2: Strikes out swinging
|
Batting: LHB Jacques Viceronte
|
0-0: Ball 1-0: Ball 2-0: Ball 3-0: Called Strike 3-1: Grounds into double play, 4-6-3 (Groundball, 4)
|
Top of the 3rd over - 0 runs, 1 hit, 0 errors, 0 left on base; Ellesmere Island 2 - Ogallala 0 |
BOTTOM OF THE 3RD |
Ogallala Octopi batting - Pitching for Ellesmere Island Snowpeople : LHP Wilson Tamayo
|
Batting: RHB Ricardo Torres
|
0-0: Called Strike 0-1: SINGLE (Flyball, 89M)
|
Batting: LHB Luis Arroyo
|
0-0: Foul Ball, location: 2F 0-1: Ball 1-1: Ball 2-1: SINGLE (Flyball, 89S) Ricardo Torres to second
|
Batting: RHB Manny Moons
|
0-0: Ball 1-0: Called Strike 1-1: Swinging Strike 1-2: Ball 2-2: SINGLE (Line Drive, 56) Ricardo Torres to third Luis Arroyo to second
|
Batting: RHB Mike Moss
|
0-0: Ball 1-0: Fly out, F8 (Flyball, 8LD) Runner from 3rd tags up, SCORES, throw made
|
Batting: LHB Lauren Hilfiker
|
0-0: Called Strike 0-1: Ball 1-1: Foul Ball, location: 2F 1-2: Ball 2-2: Ball 3-2: Foul Ball, location: 2F 3-2: Foul Ball, location: 2F 3-2: SINGLE (Line Drive, 8LS) Luis Arroyo to third Manny Moons to second
|
Batting: RHB Kao-tsu Koo
|
0-0: Called Strike 0-1: Swinging Strike 0-2: Strikes out swinging
|
Batting: RHB Alejandro Cantú
|
0-0: SINGLE (Groundball, 5D) Luis Arroyo scores Manny Moons to third Lauren Hilfiker to second Runner from 3rd tries for Home, SAFE, no throw
|
Batting: RHB David Stone
|
0-0: Ball 1-0: Foul Ball, location: 2F 1-1: Fielders Choice at 2nd, 6-4 (Groundball, 6)
|
Bottom of the 3rd over - 3 runs, 5 hits, 0 errors, 2 left on base; Ellesmere Island 2 - Ogallala 3 |
TOP OF THE 4TH |
Ellesmere Island Snowpeople batting - Pitching for Ogallala Octopi : LHP Fred Ramey
|
Batting: RHB Enrique Flores
|
0-0: Ground out 3-1 (Groundball, 34S)
|
Batting: SHB Hsien-feng Chen
|
0-0: Called Strike 0-1: Ball 1-1: Called Strike 1-2: Foul Ball, location: 2F 1-2: Strikes out swinging
|
Batting: RHB Tristan Eikelenboom
|
0-0: Called Strike 0-1: Ball 1-1: Ball 2-1: Ball 3-1: Swinging Strike 3-2: Foul Ball, location: 2F 3-2: Strikes out swinging
|
Top of the 4th over - 0 runs, 0 hits, 0 errors, 0 left on base; Ellesmere Island 2 - Ogallala 3 |
BOTTOM OF THE 4TH |
Ogallala Octopi batting - Pitching for Ellesmere Island Snowpeople : LHP Wilson Tamayo
|
Batting: RHB Román Chávez
|
0-0: Called Strike 0-1: Ground out 5-3 (Groundball, 56)
|
Batting: RHB Ricardo Torres
|
0-0: Ball 1-0: Called Strike 1-1: Ball 2-1: Foul Ball, location: 2F 2-2: Ball 3-2: Reached on error, E3 (Groundball, 34)
|
Batting: LHB Luis Arroyo
|
0-0: Ball 1-0: Ball Wild Pitch! Ricardo Torres to second 2-0: Ball 3-0: Called Strike 3-1: Called Strike 3-2: Foul Ball, location: 2F 3-2: Fly out, F9 (Flyball, 89S)
|
Batting: RHB Manny Moons
|
0-0: Called Strike 0-1: Ball 1-1: Ground out 6-3 (Groundball, 6)
|
Bottom of the 4th over - 0 runs, 0 hits, 1 error, 1 left on base; Ellesmere Island 2 - Ogallala 3 |
TOP OF THE 5TH |
Ellesmere Island Snowpeople batting - Pitching for Ogallala Octopi : LHP Fred Ramey
|
Batting: RHB Feng-yi Wen
|
0-0: Called Strike 0-1: Ball 1-1: SINGLE (Line Drive, 7LS)
|
Batting: RHB José González
|
0-0: Sac Bunt - play at first, batter OUT! 3-4 Feng-yi Wen to second
|
Batting: SHB Armond Buonaiuti
|
0-0: Called Strike 0-1: Swinging Strike 0-2: Ball 1-2: Foul Ball, location: 2F 1-2: Ground out 5-3 (Groundball, 56S) Feng-yi Wen to third
|
Batting: RHB Teok-kyu Pak
|
0-0: Called Strike 0-1: SINGLE (Line Drive, 4D) Feng-yi Wen scores
|
Batting: RHB Luigino Colombo
|
0-0: Foul Ball, location: 2F 0-1: Ball 1-1: Fly out, F7 (Flyball, 7S)
|
Top of the 5th over - 1 run, 2 hits, 0 errors, 1 left on base; Ellesmere Island 3 - Ogallala 3 |
BOTTOM OF THE 5TH |
Ogallala Octopi batting - Pitching for Ellesmere Island Snowpeople : LHP Wilson Tamayo
|
Batting: RHB Mike Moss
|
0-0: Ground out 6-3 (Groundball, 6)
|
Batting: LHB Lauren Hilfiker
|
0-0: Fly out, F9 (Flyball, 89M)
|
Batting: RHB Kao-tsu Koo
|
0-0: Called Strike 0-1: Called Strike 0-2: Ball 1-2: SINGLE (Line Drive, 56D)
|
Batting: RHB Alejandro Cantú
|
0-0: Ball 1-0: Foul Ball, location: 2F 1-1: Foul Ball, location: 2F 1-2: Ball 2-2: SINGLE (Flyball, 89M) Kao-tsu Koo to second
|
Batting: RHB David Stone
|
0-0: SINGLE (Line Drive, 8RS) Kao-tsu Koo to third Alejandro Cantú to second Runner from 3rd tries for Home, SAFE, no throw
|
Batting: RHB Román Chávez
|
0-0: Ground out U3 (Groundball, 3)
|
Bottom of the 5th over - 1 run, 3 hits, 0 errors, 2 left on base; Ellesmere Island 3 - Ogallala 4 |
TOP OF THE 6TH |
Ellesmere Island Snowpeople batting - Pitching for Ogallala Octopi : LHP Fred Ramey
|
Batting: LHB Jacques Viceronte
|
0-0: Foul Ball, location: 2F 0-1: Called Strike 0-2: Strikes out swinging
|
Batting: RHB Enrique Flores
|
0-0: Called Strike 0-1: Ground out 4-3 (Groundball, 4)
|
Batting: SHB Hsien-feng Chen
|
0-0: Hit by Pitch
|
Batting: RHB Tristan Eikelenboom
|
0-0: Ground out 6-3 (Groundball, 6M)
|
Top of the 6th over - 0 runs, 0 hits, 0 errors, 1 left on base; Ellesmere Island 3 - Ogallala 4 |
BOTTOM OF THE 6TH |
Ogallala Octopi batting - Pitching for Ellesmere Island Snowpeople : LHP Wilson Tamayo
|
Batting: RHB Ricardo Torres
|
0-0: Called Strike 0-1: Called Strike 0-2: Fly out, F8 (Flyball, 8RD)
|
Batting: LHB Luis Arroyo
|
0-0: Called Strike 0-1: Ball 1-1: Bunt for hit - play at first, batter OUT! 5-3
|
Batting: RHB Manny Moons
|
0-0: Ball 1-0: Foul Ball, location: 2F 1-1: Ball 2-1: Foul Ball, location: 2F 2-2: Fly out, F4 (Popup, 4)
|
Bottom of the 6th over - 0 runs, 0 hits, 0 errors, 0 left on base; Ellesmere Island 3 - Ogallala 4 |
TOP OF THE 7TH |
Ellesmere Island Snowpeople batting - Pitching for Ogallala Octopi : LHP Fred Ramey
|
Batting: RHB Feng-yi Wen
|
0-0: Ball 1-0: Called Strike 1-1: Foul Ball, location: 2F 1-2: Ball 2-2: Ball 3-2: Foul Ball, location: 2F 3-2: Strikes out swinging
|
Batting: RHB José González
|
0-0: Ball 1-0: Foul Ball, location: 2F 1-1: Foul Ball, location: 2F 1-2: Strikes out looking
|
Batting: SHB Armond Buonaiuti
|
0-0: Ball 1-0: Ball 2-0: SINGLE (Line Drive, 34)
|
Batting: RHB Teok-kyu Pak
|
0-0: Called Strike 0-1: Called Strike 0-2: Fly out, F9 (Flyball, 89M)
|
Top of the 7th over - 0 runs, 1 hit, 0 errors, 1 left on base; Ellesmere Island 3 - Ogallala 4 |
BOTTOM OF THE 7TH |
Ogallala Octopi batting - Pitching for Ellesmere Island Snowpeople : LHP Wilson Tamayo
|
Batting: RHB Mike Moss
|
0-0: Fly out, F9 (Flyball, 9)
|
Batting: LHB Lauren Hilfiker
|
0-0: Ball 1-0: Ball 2-0: DOUBLE (Flyball, 8LXD)
|
Batting: RHB Kao-tsu Koo
|
0-0: Ball 1-0: Ball 2-0: Called Strike 2-1: Ball 3-1: Foul Ball, location: 2F 3-2: Foul Ball, location: 2F 3-2: Fly out, F9 (Flyball, 9LSF)
|
Pitching: RHP Francisco Josafat
|
|
Pinch Hitting: LHB Mauro López
|
0-0: Ball 1-0: Ball 2-0: Ball 3-0: Base on Balls
|
Batting: RHB David Stone
|
0-0: Foul Ball, location: 2F 0-1: Fly out, F8 (Flyball, 8LD)
|
Bottom of the 7th over - 0 runs, 1 hit, 0 errors, 2 left on base; Ellesmere Island 3 - Ogallala 4 |
TOP OF THE 8TH |
Ellesmere Island Snowpeople batting - Pitching for Ogallala Octopi : LHP Fred Ramey
|
Now at C: Sehinsah Al-Fanari
|
|
Now at 3B: Derek Corbin
|
|
Batting: RHB Luigino Colombo
|
0-0: Called Strike 0-1: Ball 1-1: Foul Ball, location: 2F 1-2: Fly out, F7 (Line Drive, 7D)
|
Batting: LHB Jacques Viceronte
|
0-0: Ball 1-0: SINGLE (Line Drive, 34D)
|
Pitching: RHP Jasper Jordan
|
|
Batting: RHB Enrique Flores
|
0-0: Foul Ball, location: 2F 0-1: Ground out 5-3 (Groundball, 56S) Jacques Viceronte to second
|
Batting: SHB Hsien-feng Chen
|
0-0: Ball 1-0: Called Strike 1-1: Foul Ball, location: 2F 1-2: SINGLE (Line Drive, 78M) Jacques Viceronte to third Runner from 3rd tries for Home, SAFE, no throw
|
Batting: RHB Tristan Eikelenboom
|
0-0: Ball 1-0: Called Strike 1-1: Foul Ball, location: 2F 1-2: Foul Ball, location: 2F 1-2: Strikes out swinging
|
Top of the 8th over - 1 run, 2 hits, 0 errors, 1 left on base; Ellesmere Island 4 - Ogallala 4 |
BOTTOM OF THE 8TH |
Ogallala Octopi batting - Pitching for Ellesmere Island Snowpeople : RHP Francisco Josafat
|
Pinch Hitting: RHB Phil van Oosterom
|
0-0: Ball 1-0: Single, Error in OF, E7, batter to second base
|
Batting: RHB Ricardo Torres
|
0-0: Called Strike 0-1: Ball 1-1: Ball 2-1: Ball 3-1: Foul Ball, location: 2F 3-2: Foul Ball, location: 2F 3-2: Foul Ball, location: 2F 3-2: SINGLE (Groundball, 6) (infield hit) Phil van Oosterom to third
|
Batting: LHB Luis Arroyo
|
0-0: Called Strike 0-1: Foul Ball, location: 2F 0-2: Ball Ricardo Torres is caught stealing 2nd base 1-2: Foul Ball, location: 2F 1-2: Ball 2-2: Strikes out looking
|
Batting: RHB Manny Moons
|
0-0: Ball 1-0: Ball 2-0: Ball 3-0: Base on Balls
|
Pinch Hitting: SHB Jorge Díaz
|
0-0: Ball 1-0: Foul Ball, location: 2F 1-1: Ground out U3 (Groundball, 3L)
|
Bottom of the 8th over - 0 runs, 2 hits, 1 error, 2 left on base; Ellesmere Island 4 - Ogallala 4 |
TOP OF THE 9TH |
Ellesmere Island Snowpeople batting - Pitching for Ogallala Octopi : RHP Jasper Jordan
|
Now at SS: Phil van Oosterom
|
|
Now in LF: Jorge Díaz
|
|
Pinch Hitting: RHB Riemer Kila
|
0-0: Swinging Strike 0-1: Swinging Strike 0-2: Ball 1-2: Ground out 6-3 (Groundball, 6)
|
Pinch Hitting: RHB Omer van de Linde
|
0-0: Ball 1-0: Foul Ball, location: 2F 1-1: Ball 2-1: Foul Ball, location: 2F 2-2: Strikes out swinging
|
Batting: SHB Armond Buonaiuti
|
0-0: Ball 1-0: SINGLE (Line Drive, 7S)
|
Batting: RHB Teok-kyu Pak
|
0-0: Ball 1-0: Called Strike 1-1: Ball 2-1: Foul Ball, location: 2F 2-2: Foul Ball, location: 2F 2-2: Foul Ball, location: 2F 2-2: Strikes out swinging
|
Top of the 9th over - 0 runs, 1 hit, 0 errors, 1 left on base; Ellesmere Island 4 - Ogallala 4 |
|